 Dungeon Crawl Stone Soup version 0.16-b1 (webtiles) character file.

109 McCoppin the Bolt Thrower (level 5, -1/38 HPs)
             Began as a Formicid Hunter on Mar 11, 2015.
             Slain by a scorpion (7 damage)
             ... on level 4 of the Dungeon.
             The game lasted 00:05:36 (1390 turns).

McCoppin the Bolt Thrower (Formicid Hunter)         Turns: 1390, Time: 00:05:36

Health: -1/38      AC:  4    Str: 23    XL:     5   Next: 13%
Magic:  7/7        EV:  9    Int: 10    God:
Gold:   160        SH:  7    Dex: 11    Spells: 0 memorised, 4 levels left

rFire  . . .     SeeInvis +     b - +1 hand crossbow
rCold  . . .     Clarity  .     d - +0 leather armour
rNeg   . . .     SustAb   .     k - +0 shield
rPois  .         Gourm    .     (helmet unavailable)
rElec  .         Spirit   .     (no cloak)
rCorr  .         Warding  .     v - +0 pair of gloves
rMut   .         Stasis   +     (no boots)
MR     +....                    (no amulet)
Stlth  +.........               (no ring)
                                q - ring of protection from magic

@: mighty, lethally poisoned (-1 -> -6), somewhat resistant to hostile
enchantments, very unstealthy
A: permanent stasis, dig shafts and tunnels, four strong arms, antennae 3
a: Dig, Shaft Self


You were on level 4 of the Dungeon.
You were very hungry.

You visited 1 branch of the dungeon, and saw 4 of its levels.

You collected 160 gold pieces.

Inventory:

Hand weapons
 a - a +2 dagger of speed
 b - a +1 hand crossbow (weapon)
 o - a +0 short sword
Missiles
 c - 2 bolts (quivered)
 j - 19 stones
Armour
 d - a +0 leather armour (worn)
 k - a +0 shield (worn)
 v - a +0 pair of gloves (worn)
Jewellery
 q - a ring of protection from magic (left hand)
Scrolls
 i - a scroll of recharging {unknown}
 n - 3 scrolls of identify {unknown}
 r - a scroll of fear {unknown}
 s - a scroll of amnesia {unknown}
 t - a scroll of remove curse {unknown}
Potions
 e - a potion of heal wounds {unknown}
 g - a potion of magic {unknown}
 l - a potion of might
 m - a potion of degeneration {unknown}
 u - 2 potions of curing {unknown}
Comestibles
 f - 2 bread rations
 p - a beef jerky


   Skills:
 - Level 2.1 Fighting
 + Level 6.0 Crossbows
 - Level 1.7 Dodging
 - Level 1.2 Stealth


You had 4 spell levels left.
You didn't know any spells.

Dungeon Overview and Level Annotations

Branches:
Dungeon (4/15)
 Temple: D:4-7

Altars:
Dithmenos
Makhleb


Innate Abilities, Weirdness & Mutations

You are under a permanent stasis effect.
You can dig through walls and to a lower floor.
Your four strong arms can wield two-handed weapons with a shield.
You have a pair of large antennae on your head (SInv).


Message History

The scorpion stings you.
* * * LOW HITPOINT WARNING * * *
The scorpion barely misses you.
Firing (i - inventory. (,) - cycle):
c - 4 bolts (quivered)
Press: ? - help, Shift-Dir - straight line, f/p - scorpion
Aim: a scorpion (almost dead)
You shoot a bolt. The bolt closely misses the scorpion.
You feel sick. The scorpion closely misses you.
Firing (i - inventory. (,) - cycle):
c - 3 bolts (quivered)
Press: ? - help, Shift-Dir - straight line, f/p - scorpion
Aim: a scorpion (almost dead)
You shoot a bolt. The bolt closely misses the scorpion.
You feel sick. The scorpion stings you.
* * * LOW HITPOINT WARNING * * *
Drink which item? (? for menu, Esc to quit)
It was a potion of might.
You feel very mighty all of a sudden.
* * * LOW HITPOINT WARNING * * *
You feel sick. The scorpion stings you!
You die...

#.## ## #..# # ##.#
#. #.# #.# #.# ##
#.####[#####
#####.###.........#
.?.(....#.###......#
#@## ##.##..# #s#
####..# #(# #..# #.#
#..# #(# #..######
#[# #........ .(#
##.#####. .(. #.# #.
.#. #.# #.


You could see a scorpion.

Vanquished Creatures
  2 orc wizards (D:4)
  7 orcs
  7 bats
  2 giant cockroaches (D:1)
  7 hobgoblins
  2 jackals (D:1)
  4 kobolds
  A ball python (D:1)
  A giant newt (D:1)
  6 goblins
  2 rats (D:1)
41 creatures vanquished.

Notes
Turn   | Place    | Note
--------------------------------------------------------------
     0 | D:1      | McCoppin, the Formicid Hunter, began the quest for the Orb.
     0 | D:1      | Reached XP level 1. HP: 16/16 MP: 1/1
   127 | D:1      | Reached XP level 2. HP: 22/22 MP: 3/3
   366 | D:1      | Reached XP level 3. HP: 19/27 MP: 4/4
   701 | D:1      | Reached skill level 5 in Crossbows
   911 | D:4      | Reached XP level 4. HP: 25/33 MP: 5/5
  1020 | D:4      | Found a shadowy altar of Dithmenos.
  1101 | D:4      | Reached skill level 6 in Crossbows
  1101 | D:4      | Reached XP level 5. HP: 32/38 MP: 7/7
  1195 | D:4      | Found a burning altar of Makhleb.
  1390 | D:4      | Slain by a scorpion

Action                   |  1- 3 |  4- 6 || total
-------------------------+-------+-------++-------
Melee: Short sword       |    22 |     1 ||    23
       Dagger            |       |    15 ||    15
 Fire: Hand crossbow     |    56 |    27 ||    83
 Abil: Dig               |     1 |       ||     1
  Use: Scroll            |       |     1 ||     1
       Potion            |       |     1 ||     1
